 Dungeon Sprint DCSS version 0.20.1-1-g8b1a95d (webtiles) character file.

830 KoningWillie the Fighter (level 7, -9/74 HPs)
             Began as a Minotaur Fighter on Sept 22, 2017.
             Mangled by a sun demon (11 damage)
             ... summoned by a kobold demonologist
             ... in the Dungeon (Sprint I: "Red Sonja").
             The game lasted 00:01:41 (528 turns).

KoningWillie the Fighter (Minotaur Fighter)          Turns: 528, Time: 00:01:43

Health: -9/74      AC:  8    Str: 23    XL:     7   Next: 65%
Magic:  6/6        EV: 10    Int:  5    God:
Gold:   270        SH: 12    Dex:  9    Spells: 6/6 levels left

rFire    . . .     SeeInvis .   a - +0 long sword
rCold    . . .     Gourm    .   c - +0 shield
rNeg     . . .     Faith    .   l - +0 scale mail
rPois    .         Spirit   .   (helmet restricted)
rElec    .         Reflect  .   (no cloak)
rCorr    .         Harm     .   (no gloves)
MR       .....     NoTele   +   (no boots)
Stlth    ..........             (no amulet)
Regen    0.3/turn               (no ring)
MPRegen  0.1/turn               (no ring)

@: very slightly contaminated
A: retaliatory headbutt, horns 2
a: no special abilities


You were in the Dungeon.
You were not hungry.

You visited 1 branch You collected 270 gold pieces.

Inventory:

Hand Weapons
 a - a +0 long sword (weapon)
Armour
 b - a +0 scale mail
 c - a +0 shield (worn)
 l - a +0 scale mail (worn)
Wands
 j - a wand of digging (8/24)
Potions
 d - a potion of might
 e - a potion of curing
 h - a potion of haste
 i - 2 potions of magic
Comestibles
 f - a bread ration


   Skills:
 + Level 11.2 Fighting
 + Level 9.2 Long Blades
 + Level 10.7 Armour
 + Level 2.9 Dodging
 + Level 0.8 Stealth
 + Level 10.3 Shields


You had 6 spell levels left.
You didn't know any spells.

Dungeon Overview and Level Annotations

Branches:
Dungeon (1/1)

Altars:
Makhleb
Sif Muna
Vehumet
Xom
Jiyva
Lugonu


Innate Abilities, Weirdness & Mutations

You reflexively headbutt those who attack you in melee.
You have a pair of horns on your head.


Message History

The kobold demonologist casts a spell.
You block the sun demon's attack.
You miss the kobold demonologist. You headbutt the kobold demonologist!
The kobold demonologist is heavily wounded.
The sun demon closely misses you. You furiously retaliate!
You headbutt the sun demon!
You riposte.
Your shield and scale mail prevent you from hitting the sun demon.
Your headbutt misses the sun demon.
The sun demon is lightly wounded.
The kobold demonologist hits you but does no damage.
The hellwing hits you but does no damage.
You block the hellwing's attack.
You miss the kobold demonologist.
The kobold demonologist is heavily wounded.
The sun demon closely misses you.
The kobold demonologist hits you but does no damage.
The sun demon hits you!!
* * * LOW HITPOINT WARNING * * *
You are engulfed in flames!
You die...

##########################
#<.#..').#..'.4#__#..'...#
#..'†.#..').#.K@..'..#.K.#
#..#####'#####3#__#### ..+
#..# #..# #3#### ## #..#
#### #$# #..# #..+ #⌠⌠#
..._# #### #_.#+# ##+


You could see 2 sun demons, a hellwing and a kobold demonologist.

Vanquished Creatures
  A kobold demonologist (D)
  A slime creature (D)
  Sigmund (D)
  A floating eye (D)
  An ogre (D)
  A jelly (D)
  Ijyb (D)
7 creatures vanquished.

Vanquished Creatures (others)
  A gargoyle (D)
1 creature vanquished.

Grand Total: 8 creatures vanquished

Notes
Turn   | Place    | Note
-------+----------+-------------------------------------------
     0 | D        | KoningWillie the Minotaur Fighter began the quest for the Orb.
     0 | D        | Reached XP level 1. HP: 19/19 MP: 0/0
     1 | D        | Noticed Ijyb
    18 | D        | Killed Ijyb
    18 | D        | Reached skill level 5 in Fighting
    18 | D        | Reached skill level 5 in Shields
    18 | D        | Reached XP level 2. HP: 21/29 MP: 1/1
    30 | D        | Killed a gargoyle
    34 | D        | Noticed an ogre
    37 | D        | Killed an ogre
    37 | D        | Reached skill level 7 in Fighting
    37 | D        | Reached XP level 3. HP: 39/39 MP: 2/2
    37 | D        | Reached XP level 4. HP: 47/47 MP: 3/3
    48 | D        | Noticed Sigmund
    63 | D        | Killed Sigmund
    63 | D        | Reached skill level 9 in Fighting
    63 | D        | Reached XP level 5. HP: 8/57 MP: 4/4
    63 | D        | Reached XP level 6. HP: 9/63 MP: 5/5
   344 | D        | Found a burning altar of Makhleb.
   344 | D        | Found a viscous altar of Jiyva.
   344 | D        | Found a shimmering altar of Xom.
   344 | D        | Found a corrupted altar of Lugonu.
   344 | D        | Noticed a slime creature
   355 | D        | Killed a slime creature
   355 | D        | Reached skill level 10 in Fighting
   355 | D        | Reached skill level 10 in Armour
   355 | D        | Reached skill level 1 in Dodging
   485 | D        | Noticed a kobold demonologist
   485 | D        | Noticed a floating eye
   486 | D        | Noticed a kobold demonologist
   495 | D        | Found a deep blue altar of Sif Muna.
   497 | D        | Found a radiant altar of Vehumet.
   501 | D        | Paralysed by a floating eye for 2 turns
   506 | D        | Killed a floating eye
   506 | D        | Reached XP level 7. HP: 66/73 MP: 6/6
   513 | D        | Noticed a sixfirhy
   517 | D        | Noticed a sun demon
   518 | D        | Noticed a sun demon
   522 | D        | Killed a kobold demonologist
   522 | D        | Reached skill level 11 in Fighting
   522 | D        | Reached skill level 10 in Shields
   527 | D        | Noticed a hellwing
   528 | D        | HP: 2/74 [sun demon[a kobold demonologist] (23)]
   528 | D        | Mangled by a sun demon

Skill      XL: |  1  2  3  4  5  6  7 |
---------------+----------------------+-----
Fighting       | 5 7 9 10 11 | 11.2
Long Blades    | 3 4 6 7 9 |  9.2
Armour         | 4 7 9 10 | 10.7
Shields        | 5 6 8 9 10 | 10.3
Dodging        | 2 |  2.9
Stealth        | |  0.8

Action                   |  1- 3 |  4- 6 |  7- 9 || total
-------------------------+-------+-------+-------++-------
Melee: Long sword        |    18 |    28 |    21 ||    67
       Headbutt          |     4 |     7 |     5 ||    16
  Use: Potion            |     1 |     1 |       ||     2
       Scroll            |       |       |     1 ||     1
Armor: Scale mail        |     5 |     3 |     6 ||    14
Dodge: Dodged            |     9 |     7 |     9 ||    25
Block: Shield            |     6 |     9 |    16 ||    31
       Rpst.: Long sword |     6 |     1 |     2 ||     9
